 Dungeon Crawl Stone Soup version 0.26-a0-649-gf8c6c3aab7 (webtiles) character file.

Game seed: 4454003919684939272

142 oldriver the Magician (level 5, 0/48 HPs)
             Began as a Troll Hedge Wizard on Sept 26, 2020.
             Slain by a worker ant (1 damage)
             ... on level 4 of the Dungeon.
             The game lasted 00:11:32 (4406 turns).

oldriver the Magician (Troll Hedge Wizard)          Turns: 4406, Time: 00:11:32

Health: 0/48       AC:  6    Str: 18    XL:     5   Next: 4%
Magic:  2/8        EV: 10    Int: 11    God:
Gold:   161        SH:  0    Dex: 11    Spells: 8/9 levels left

rFire    . . .     SeeInvis .   l - staff of conjuration
rCold    . . .     Faith    .   (no shield)
rNeg     . . .     Spirit   .   b - +0 robe
rPois    .         Reflect  .   c - +0 hat
rElec    +         Harm     .   (no cloak)
rCorr    .         Rampage  .   (gloves unavailable)
MR       .....                  (boots unavailable)
Stlth    ++........             (no amulet)
HPRegen  0.56/turn              (no ring)
MPRegen  0.11/turn              (no ring)

@: lethally poisoned (0 -> -7)
A: large, unfitting armour, claws 3, agile 1, regeneration 1, shaggy fur 1,
electricity resistance, tough skin 3
a: no special abilities


You were on level 4 of the Dungeon.
You visited 1 branch of the dungeon, and saw 4 of its levels.

You collected 161 gold pieces.

Inventory:

Armour
 b - a +0 robe (worn)
 c - a +0 hat (worn)
Magical Staves
 l - an uncursed staff of conjuration (weapon)
Jewellery
 s - an uncursed amulet of guardian spirit {unknown}
 t - an uncursed amulet of magic regeneration {unknown}
Scrolls
 d - 3 scrolls of enchant armour {unknown}
 h - 3 scrolls of identify {unknown}
 i - a scroll of enchant weapon {unknown}
 k - 2 scrolls of blinking {unknown}
 m - a scroll of teleportation {unknown}
 q - a scroll of remove curse {unknown}
 r - 2 scrolls of fear {unknown}
 u - a scroll of fog {unknown}
Potions
 j - a potion of cancellation


   Skills:
 + Level 1.0 Fighting
 + Level 0.1 Staves
 + Level 2.1 Dodging
 + Level 1.1 Stealth
 * Level 2.6 Spellcasting
 * Level 2.1 Conjurations
   Level 0.6 Summonings
   Level 0.6 Translocations


You had 8 spell levels left.
You knew the following spells:

 Your Spells              Type           Power        Failure   Level
a - Magic Dart            Conj           #...         12%         1

Your spell library contained the following spells:

 Spells                   Type           Power        Failure   Level
 Blink                    Tloc           N/A          32%         2
 Call Imp                 Summ           #.......     32%         2
 Slow                     Hex            #.......     38%         2
 Conjure Flame            Conj/Fire      #.......     47%         3
 Mephitic Cloud           Conj/Pois/Air  #.......     52%         3


Dungeon Overview and Level Annotations

Branches:
Dungeon (4/15)
 Temple: D:4-7

Altars:
Kikubaaqudgha
Uskayaw

Annotations:
D:3 Terence


Innate Abilities, Weirdness & Mutations

You are too large for most types of armour.
You have claws for hands.
Your natural rate of healing is unusually fast.
You are covered in fur. (AC +1)
You have extremely tough skin. (AC +3)
You are agile. (Dex +2)
You are resistant to electric shocks. (rElec)


Message History

You are lethally poisoned!
The worker ant poisons you!
You hit the worker ant.
The worker ant is severely wounded.
* * * LOW HITPOINT WARNING * * *
You feel very sick. The worker ant bites you.
* * * LOW HITPOINT WARNING * * *
The worker ant bites you but does no damage.
Casting: Magic Dart (safe; 12% risk of failure)
Confirm with . or Enter, or press ? or * to list all spells.
Aiming: Magic Dart (safe; 12% risk of failure)
Press: ? - help, Shift-Dir - straight line, f/p - worker ant
Aim: a worker ant (severely wounded)
You feel a surge of power!
The magic dart hits the worker ant but does no damage.
The worker ant is severely wounded.
* * * LOW HITPOINT WARNING * * *
You feel sick. The worker ant bites you.
You die...

#####.################
#.# #.........# #.###
#.#######.#
#####...####.# #.#
.(............#######.#
########....).........#
#...................#
#.#################.#
......a@........#
#################


You could see a worker ant.

Vanquished Creatures
  Jessica (D:3)
  3 adders
  An ooze (D:3)
  An adder skeleton (D:4)
  A worm (D:3)
  A dart slug (D:3)
  2 leopard geckos
  2 orcs (D:3)
  2 ball pythons (D:1)
  13 bats
  A giant cockroach (D:2)
  9 goblins
  9 hobgoblins
  2 jackals (D:1)
  12 kobolds
  A quokka (D:3)
  A ball python skeleton (D:4)
  5 frilled lizards
  3 rats
70 creatures vanquished.

Vanquished Creatures (others)
  A human (D:2)
1 creature vanquished.

Grand Total: 71 creatures vanquished

Notes
Turn   | Place    | Note
-------+----------+-------------------------------------------
     0 | D:1      | oldriver the Troll Hedge Wizard began the quest for the
                  | Orb.
     0 | D:1      | Reached XP level 1. HP: 16/16 MP: 2/2
   186 | D:1      | Reached XP level 2. HP: 24/24 MP: 2/4
   272 | D:1      | Reached skill level 1 in Conjurations
   939 | D:1      | Reached XP level 3. HP: 30/31 MP: 2/5
  1516 | D:2      | Found an ancient bone altar of Kikubaaqudgha.
  1519 | D:2      | Noticed a human
  1522 | D:2      | Killed a human
  2260 | D:2      | Found a hide-covered altar of Uskayaw.
  2932 | D:3      | Reached XP level 4. HP: 39/39 MP: 2/6
  3557 | D:3      | Noticed Jessica
  3798 | D:3      | Killed Jessica
  3798 | D:3      | Reached skill level 1 in Fighting
  3801 | D:3      | Noticed Terence
  3884 | D:3      | Gained mutation: You are resistant to electric shocks.
                  | (rElec) [potion of mutation]
  3884 | D:3      | Gained mutation: You are agile. (Dex +2) [potion of
                  | mutation]
  3891 | D:3      | HP: 1/41 [Terence/+0 morningstar (14)]
  4131 | D:3      | Reached XP level 5. HP: 48/48 MP: 4/8
  4405 | D:4      | HP: 2/48 [worker ant (2)]
  4406 | D:4      | Slain by a worker ant

Illustrated notes

Levels and vault maps discovered:
D:1:      wander_arrival_peaceful_grave, layout_loops_ring, st_stairs_1,
          minmay_misc_feat_five
D:2:      layout_basic, nicolae_overflow_crystal_walls, tgw_kikubaaqudgha
D:3:      layout_rooms, uniq_jessica, uniq_terence
D:4:      layout_basic, minmay_temple_entry_statues_pillars,
          nrook_mini_backslash

Skill      XL: |  1  2  3  4 |
---------------+-------------+-----
Conjurations   | 1 2 |  2.1
Dodging        | 2 |  2.1
Fighting       | 1 |  1.0
Staves         | |  0.1
Stealth        | |  1.1
Spellcasting   | |  2.6
Summonings     | |  0.6
Translocations | |  0.6

Action                   |  1- 3 |  4- 6 || total
-------------------------+-------+-------++-------
Melee: Dagger            |   105 |       ||   105
       Staff             |    10 |    64 ||    74
 Cast: Magic Dart        |    99 |    87 ||   186
  Use: Potion            |       |    10 ||    10
Armor: Robe              |   110 |    47 ||   157
Dodge: Dodged            |   103 |    64 ||   167

Table legend: (Time is in decaauts)
 A = Elapsed time spent in this place.
 B = Non-inter-level travel time spent in this place.
 C = Inter-level travel time spent in this place.
 D = Time resting spent in this place.
 E = Time spent auto-exploring this place.
 F = Levels seen in this place.
 G = Mean time per level.
                   A        B        C        D        E       F      G
               +--------+--------+--------+--------+--------+-----+--------+
         Total |   4410 |   4238 |    172 |   1335 |   1872 |   4 | 1102.5 |
       Dungeon |   4410 |   4238 |    172 |   1335 |   1872 |   4 | 1102.5 |
               +--------+--------+--------+--------+--------+-----+--------+

Top non-repeatable levels by time:
     D:2: 1792 daAuts
     D:1: 1316 daAuts
     D:3: 1157 daAuts
     D:4: 144 daAuts
